 Dungeon Crawl Stone Soup version 0.17-a0-2006-g94b6906 (webtiles) character file.

62 Ghalim the Skirmisher (level 4, 0/37 HPs)
             Began as a Human Fighter on Oct 8, 2015.
             Was an Initiate of Okawaru.
             Killed from afar by a hobgoblin (8 damage)
             ... with a wand of flame
             ... on level 3 of the Dungeon.
             The game lasted 00:04:58 (2455 turns).

Ghalim the Skirmisher (Human Fighter)               Turns: 2455, Time: 00:04:58

Health: 0/37       AC:  6    Str: 17    XL:     4   Next: 28%
Magic:  4/4        EV:  7    Int:  9    God:    Okawaru [......]
Gold:   132        SH:  9    Dex: 12    Spells: 0 memorised, 3 levels left

rFire  . . .     SeeInvis .     a - +0 flail
rCold  . . .     Clarity  .     b - +0 scale mail
rNeg   . . .     SustAt   .     c - +0 shield
rPois  .         Gourm    .     (no helmet)
rElec  .         Spirit   .     (no cloak)
rCorr  .         Warding  .     (no gloves)
rMut   .         Stasis   .     (no boots)
MR     .....                    (no amulet)
Stlth  ..........               (no ring)
                                (no ring)

@: not resistant to hostile enchantments, extremely unstealthy
A: no striking features
a: Renounce Religion


You were on level 3 of the Dungeon.
You worshipped Okawaru.
Okawaru was noncommittal.
You were not hungry.

You visited 1 branch of the dungeon, and saw 3 of its levels.

You collected 132 gold pieces.

Inventory:

Hand Weapons
 a - a +0 flail (weapon)
Armour
 b - a +0 scale mail (worn)
 c - a +0 shield (worn)
 f - a +0 cloak
 l - a +0 cloak
Jewellery
 q - an uncursed ring of sustain attributes {unknown}
Scrolls
 g - a scroll of fear {unknown}
 h - 4 scrolls of identify {unknown}
 m - a scroll of recharging {unknown}
 n - a scroll of teleportation {unknown}
 o - 2 scrolls of fog {unknown}
Potions
 d - a potion of might
 i - 2 potions of brilliance {unknown}
 j - a potion of agility {unknown}
 p - a potion of haste {unknown}
Comestibles
 e - 2 bread rations
 k - a beef jerky
 r - a chunk of flesh


   Skills:
 + Level 4.0 Fighting
 * Level 3.2 Maces & Flails
 - Level 3.0 Armour
 - Level 3.0 Shields


You had 3 spell levels left.
You didn't know any spells.

Dungeon Overview and Level Annotations

Branches:
Dungeon (3/15)

Altars:
Fedhas
Okawaru
Trog
Vehumet


Message History

The hobgoblin zaps a wand.
The puff of flame hits you!
It is a wand of flame.
Found 7 gold pieces.
A bat comes into view.
Found a glowing cloak.
You closely miss the hobgoblin. You block the bat's attack.
The hobgoblin zaps a wand.
The puff of flame hits you!
Your shield and scale mail prevent you from hitting the hobgoblin.
You block the bat's attack.
The hobgoblin zaps a wand.
You block the puff of flame. The bat hits you but does no damage.
Your shield and scale mail prevent you from hitting the hobgoblin.
The bat hits you but does no damage.
The hobgoblin zaps a wand.
The puff of flame hits you!
* * * LOW HITPOINT WARNING * * *
The hobgoblin hits you but does no damage.
You hit the hobgoblin but do no damage. The bat barely misses you.
The hobgoblin closely misses you.
You completely miss the hobgoblin. The bat hits you but does no damage.
You block the bat's attack.
The hobgoblin zaps a wand.
The puff of flame hits you!
You die...

#..... ... #
.$.#. .. ..
.... .. ..[
._?#.+# #
.... .....#.#
.....#...>.
.......gb##.#
.....##@....#
#....#####
####.# #.#
#.# #.#
#.#######
#(......#####
#............


You could see a hobgoblin and a bat.

Vanquished Creatures
  3 adders (D:2)
  2 worms (D:2)
  A giant gecko (D:1)
  3 hobgoblins
  3 kobolds
  A quokka (D:2)
  A ball python (D:3)
  2 bats (D:1)
  2 giant newts
  6 goblins
  9 rats
33 creatures vanquished.

Notes
Turn   | Place    | Note
--------------------------------------------------------------
     0 | D:1      | Ghalim the Human Fighter began the quest for the Orb.
     0 | D:1      | Reached XP level 1. HP: 18/18 MP: 1/1
    80 | D:1      | Reached XP level 2. HP: 24/24 MP: 2/2
  1004 | D:2      | Reached XP level 3. HP: 24/30 MP: 3/3
  1561 | D:2      | Found a blossoming altar of Fedhas.
  1562 | D:2      | Found a bloodstained altar of Trog.
  1563 | D:2      | Found an iron altar of Okawaru.
  1572 | D:2      | Became a worshipper of Warmaster Okawaru
  1864 | D:2      | Reached skill level 4 in Fighting
  2128 | D:2      | Reached XP level 4. HP: 35/37 MP: 4/4
  2184 | D:3      | Noticed an ice beast
  2447 | D:3      | Found a radiant altar of Vehumet.
  2455 | D:3      | Killed from afar by a hobgoblin

Vault maps used:
D:1:      roderic_dead_forest
D:2:      grunt_temple_overflow_open, first_bread
D:3:      vehumet_altar_wand_db

Action                   |  1- 3 |  4- 6 || total
-------------------------+-------+-------++-------
Melee: Flail             |   114 |    23 ||   137
  Eat: Chunk             |     4 |     1 ||     5
